 Dungeon Crawl Stone Soup version 0.17.1-2-g5865329 (webtiles) character file.

304 Peloso the Shield-Bearer (level 6, -9/55 HPs)
             Began as a Minotaur Fighter on Jan 21, 2016.
             Was a Follower of Okawaru.
             Mangled by an ogre
             ... wielding a +0 giant spiked club
              (23 damage)
             ... on level 4 of the Dungeon.
             The game lasted 00:08:14 (2690 turns).

Peloso the Shield-Bearer (Minotaur Fighter)         Turns: 2690, Time: 00:08:14

Health: -9/55      AC: 14    Str: 22    XL:     6   Next: 15%
Magic:  5/5        EV:  6    Int:  9    God:    Okawaru [*.....]
Gold:   154        SH: 10    Dex: 10    Spells: 0 memorised, 5 levels left

rFire  . . .     SeeInvis .     a - +0 long sword
rCold  . . .     Clarity  .     B - +0 chain mail
rNeg   . . .     SustAt   .     c - +0 shield
rPois  .         Gourm    .     (helmet restricted)
rElec  .         Spirit   .     (no cloak)
rCorr  .         Warding  .     j - +0 pair of gloves
rMut   .         Stasis   .     r - +2 pair of boots
MR     .....                    (no amulet)
Stlth  ..........               (no ring)
                                f - +4 ring of intelligence

@: not resistant to hostile enchantments, extremely unstealthy
A: retaliatory headbutt, horns 2
a: Heroism, Renounce Religion


You were on level 4 of the Dungeon.
You worshipped Okawaru.
Okawaru was aware of your devotion.
You were not hungry.

You visited 2 branches of the dungeon, and saw 5 of its levels.

You collected 154 gold pieces.

Inventory:

Hand Weapons
 a - a +0 long sword (weapon)
 p - a +2 short sword of venom
 C - a +3 short sword
Armour
 b - a +0 scale mail
 c - a +0 shield (worn)
 j - a +0 pair of gloves (worn)
 r - a +2 pair of boots (worn)
 B - a +0 chain mail (worn)
Jewellery
 f - a +4 ring of intelligence (left hand)
Scrolls
 g - 2 scrolls of remove curse {unknown}
 l - a scroll of enchant weapon {unknown}
 n - a scroll of amnesia {unknown}
 o - 2 scrolls of identify {unknown}
 q - a scroll of magic mapping {unknown}
 s - a scroll of teleportation {unknown}
 u - a scroll of noise {unknown}
 v - a scroll of fog {unknown}
 y - a scroll of fear {unknown}
Potions
 d - 2 potions of might
 m - a potion of flight {unknown}
 t - a potion of degeneration {unknown}
 w - a potion of poison {unknown}
 z - a potion of heal wounds {unknown}
Comestibles
 e - 3 bread rations
 h - 2 meat rations
 i - a slice of pizza
 k - 11 chunks of flesh
 x - 4 fruits
 A - a beef jerky


   Skills:
 + Level 4.8 Fighting
 + Level 3.9 Long Blades
 + Level 5.1 Armour
 + Level 1.9 Dodging
 + Level 0.3 Stealth
 + Level 5.3 Shields


You had 5 spell levels left.
You didn't know any spells.

Dungeon Overview and Level Annotations

Branches:
Dungeon (4/15)             Temple (1/1) D:4

Altars:
Cheibriados
Dithmenos
Elyvilon
Gozag
Nemelex Xobeh
Okawaru
Qazlal
Ru
Sif Muna
Vehumet
Xom
Yredelemnul
Zin


Innate Abilities, Weirdness & Mutations

You reflexively headbutt those who attack you in melee.
You have a pair of horns on your head.


Message History

You hit the ogre but do no damage. Your headbutt misses the ogre.
The ogre is moderately wounded.
You block the ogre's attack.
You barely miss the ogre.
The ogre is moderately wounded.
The ogre hits you with a giant spiked club!
You hit the ogre but do no damage. You headbutt the ogre!
The ogre is severely wounded.
The ogre hits you with a giant spiked club!
* * * LOW HITPOINT WARNING * * *
You hit the ogre. Your headbutt misses the ogre.
The ogre is severely wounded.
The ogre hits you but does no damage.
You hit the ogre.
The ogre is severely wounded.
Some of the chunks of flesh in your inventory have rotted away.
You hit the ogre.
The ogre is almost dead.
The ogre hits you with a giant spiked club!!
You die...

####.....#.# #.....#.#
####)##.# ##########.##.#
#.............# #
#.########.#### # #.# #.# #
#.# #.######## ## #.#
#.@O...... ..
#.##########################
#...........................
#.##########################
###


You could see an ogre.

Vanquished Creatures
  An ogre (D:4)
  An orc priest (D:4)
  An orc wizard (D:4)
  A worker ant (D:4)
  A worker ant zombie (D:4)
  3 adders
  An ooze (D:1)
  4 worms
  A giant gecko (D:3)
  9 orcs
  8 bats
  3 giant cockroaches
  9 goblins
  7 hobgoblins
  A quokka (D:3)
  A ball python (D:1)
  4 giant newts
  8 jackals
  A jackal skeleton (D:4)
  6 kobolds
  9 rats
80 creatures vanquished.

Notes
Turn   | Place    | Note
--------------------------------------------------------------
     0 | D:1      | Peloso the Minotaur Fighter began the quest for the Orb.
     0 | D:1      | Reached XP level 1. HP: 19/19 MP: 0/0
    60 | D:1      | Reached XP level 2. HP: 25/27 MP: 1/1
   292 | D:1      | Reached skill level 4 in Shields
   631 | D:2      | You fall through a shaft!
   637 | D:3      | Reached XP level 3. HP: 33/33 MP: 2/2
  1020 | D:3      | Found a basalt altar of Yredelemnul.
  1059 | D:3      | Found an opulent altar of Gozag.
  1144 | D:3      | Reached XP level 4. HP: 40/40 MP: 3/3
  1152 | D:3      | Reached skill level 1 in Dodging
  2195 | D:4      | Found a staircase to the Ecumenical Temple.
  2225 | D:4      | Found an opulent altar of Gozag.
  2244 | Temple   | Entered the Ecumenical Temple
  2378 | Temple   | Became a worshipper of Warmaster Okawaru
  2440 | D:4      | Reached XP level 5. HP: 47/47 MP: 4/4
  2465 | D:4      | Reached skill level 5 in Armour
  2465 | D:4      | Reached skill level 5 in Shields
  2525 | D:4      | Noticed an ogre
  2539 | D:4      | Killed an ogre
  2539 | D:4      | Reached * piety under Okawaru
  2539 | D:4      | Reached XP level 6. HP: 31/55 MP: 5/5
  2680 | D:4      | Noticed an ogre
  2690 | D:4      | Mangled by an ogre

Action                   |  1- 3 |  4- 6 || total
-------------------------+-------+-------++-------
Melee: Long sword        |    95 |   117 ||   212
  Eat: Chunk             |     1 |     5 ||     6
